 Dungeon Crawl Stone Soup version 0.29-a0-319-gad05b8d819 (webtiles) character file.

Game seed: 6689691430385151212

963 mopl the Twirler (level 7, -5/57 HPs)
             Began as a Palentonga Gladiator on Apr 1, 2022.
             Was an Initiate of Okawaru.
             Slain by a wyvern (9 damage)
             ... on level 5 of the Dungeon.
             The game lasted 00:06:58 (4238 turns).

mopl the Twirler (Palentonga Gladiator)             Turns: 4238, Time: 00:06:58

Health: -5/57      AC: 17    Str: 19    XL:     7   Next: 92%
Magic:  2/2        EV:  6    Int:  8    God:    Okawaru [......]
Gold:   246        SH:  0    Dex: 12    Spells: 6/6 levels left

rFire   . . .      SeeInvis +   w - +7 spear of Discomfort {antimagic, rN+ Will+}
rCold   . . .      Faith    +   (no shield)
rNeg    + . .      Spirit   .   u - +0 chain mail
rPois   +          Reflect  .   c - +0 helmet
rElec   .          Harm     .   j - +0 cloak
rCorr   .          Rampage  .   (no gloves)
Will    +....                   (no barding)
Stlth   ..........              x - amulet of faith {!P}
HPRegen 0.19/turn               q - ring of poison resistance
MPRegen 0.08/turn               (no ring)

@: curled up
A: large, rugged brown scales 3, see invisible, deformed body, roll 1, armoured
tail, reflexive curl
a: Rolling Charge, Renounce Religion


You were on level 5 of the Dungeon.
You worshipped Okawaru.
Okawaru was noncommittal.
You visited 2 branches of the dungeon, and saw 6 of its levels.
You also visited: Sewer.

You collected 246 gold pieces.

Inventory:

Hand Weapons
 a - a +0 quarterstaff
 b - a +0 hunting sling
 w - the +7 spear of Discomfort (weapon) {antimagic, rN+ Will+}
   (You found it on level 3 of the Dungeon)

   It reduces the magical energy of the wielder, and disrupts the spells and
   magical abilities of those it strikes.
   Natural abilities and divine invocations are not affected.
   rN:        It protects you from negative energy.
   Will:      It increases your willpower.
Missiles
 d - 3 throwing nets (quivered)
 e - 4 javelins
 v - 70 stones
Armour
 c - a +0 helmet (worn)
 j - a +0 cloak (worn)
 u - a +0 chain mail (worn)
Jewellery
 g - an amulet of guardian spirit
 q - a ring of poison resistance (left hand)
 x - an amulet of faith (around neck) {!P}
Scrolls
 f - a scroll of holy word {unknown}
 i - a scroll of brand weapon {unknown}
 k - 2 scrolls of vulnerability {unknown}
 m - 2 scrolls of amnesia {unknown}
 o - 2 scrolls of blinking
 p - 2 scrolls of fog {unknown}
 r - a scroll of acquirement {unknown}
 t - 2 scrolls of magic mapping {unknown}
 y - a scroll of teleportation {unknown}
 A - a scroll of immolation {unknown}
Potions
 h - 2 potions of ambrosia {unknown}
 l - 2 potions of haste
 n - 2 potions of heal wounds {unknown}
 z - 2 potions of flight {unknown}
 B - a potion of might


   Skills:
 + Level 4.0 Fighting
 * Level 6.0 Staves
 + Level 3.0 Throwing
 + Level 2.7 Armour
 + Level 4.0 Dodging
 + Level 0.6 Invocations


You had 6 spell levels left.
You didn't know any spells.
Your spell library contained the following spells:

 Spells                   Type           Power      Damage    Failure   Level
 Pain                     Necr           0%         1d4       99%         1
 Vampiric Draining        Necr           0%         2d6       100%        3
 Passage of Golubria      Tloc           0%         N/A       100%        4
 Yara's Violent Unravell  Hex/Tmut       0%         3d3       100%        5
 Animate Skeleton         Necr           Unusable   N/A       N/A         1
 Tukima's Dance           Hex            Unusable   N/A       N/A         3

Dungeon Overview and Level Annotations

Branches:
Dungeon (5/15)             Temple (1/1) D:4           Sewer (visited)

Altars:
Ashenzari
Dithmenos
Elyvilon
Fedhas
Gozag
Hepliaklqana
Kikubaaqudgha
Okawaru
Ru
Trog
Uskayaw
Vehumet
Wu Jian
Xom
Yredelemnul
Zin

Annotations:
D:3 3 runed translucent doors, benappo's ghost, amateur DjWz
D:4 dig


Innate Abilities, Weirdness & Mutations

You are completely covered in rugged brown scales. (AC +3, +7% HP)
You have supernaturally acute eyesight. (SInv)
Armour fits poorly on your strangely shaped body.
You can roll at nearby foes to attack.
You have a long armoured tail.
You curl defensively after being hit. (AC +7*)


Message History

v - 70 stones (gained 25)
Found a stone staircase leading up.
C - a scroll of identify
As you read the scroll of identify, it crumbles to dust.
s - a potion of attraction A wyvern comes into view.
The wyvern hisses angrily.
You drop a potion of attraction.
You reach to attack!
You barely miss the wyvern. You hit the wyvern.
The wyvern is lightly wounded.
The wyvern bites you.
You closely miss the wyvern.
The wyvern is lightly wounded.
The wyvern bites you! The wyvern completely misses you.
You hit the wyvern.
The wyvern is moderately wounded.
The wyvern completely misses you.
You barely miss the wyvern.
You tail-slap the wyvern, but do no damage.
The wyvern is moderately wounded.
The wyvern bites you!
You barely miss the wyvern.
Your tail-slap misses the wyvern.
The wyvern is moderately wounded.
The wyvern bites you! x2
* * * LOW HITPOINT WARNING * * *
You are too injured to fight recklessly!
You are too injured to fight recklessly!
You puncture the wyvern!
The wyvern is heavily wounded.
The wyvern bites you but does no damage.
You hit the wyvern but do no damage.
The wyvern is heavily wounded.
The wyvern bites you but does no damage.
The wyvern bites you!
* * * LOW HITPOINT WARNING * * *
You puncture the wyvern!
The wyvern is almost dead.
The wyvern bites you!
You die...

.. .............
...#+#............
........##.#...... .
........##.#....##.
.......!........... ...#
#####....#.#.#..# ##..#
##...........##.##..#
.........l............#
####....#@#.##.##.##..#
#..................#
..........##....##..####
...#....................#
..........###........##.#
.....................##.#
...............###..##.#
....................##.#
...<.######.####.###.#


You could see a wyvern.

Vanquished Creatures
  Grinder (D:3)
  A black bear (D:4)
  3 bullfrogs
  A howler monkey (D:3)
  4 hounds (D:4)
  2 orc priests (D:4)
  Natasha (thrice) (D:3)
  An iguana (D:4)
  An orc wizard (D:4)
  7 adders
  3 worms (D:4)
  A dart slug (D:2)
  6 orcs (D:4)
  5 bats
  4 endoplasms
  9 giant cockroaches
  7 goblins
  4 hobgoblins
  6 jackals
  2 kobolds
  9 quokkas
  6 ball pythons
  7 frilled lizards
  4 rats
97 creatures vanquished.

Notes
Turn   | Place    | Note
-------+----------+-------------------------------------------
     0 | D:1      | mopl the Palentonga Gladiator began the quest for the Orb.
     0 | D:1      | Reached XP level 1. HP: 17/17 MP: 1/1
   200 | D:1      | Reached XP level 2. HP: 23/23 MP: 2/2
  1095 | D:2      | Found a hide-covered altar of Uskayaw.
  1103 | D:2      | Reached XP level 3. HP: 22/28 MP: 1/3
  1313 | D:2      | Found a faded altar of an unknown god.
  1609 | D:3      | Identified the +7 spear of Discomfort {antimagic, rN+
                  | Will+}
  1765 | D:3      | Found a runed translucent gate.
  1765 | D:3      | Found a runed translucent gate.
  1883 | D:3      | Found a runed translucent gate.
  1883 | D:3      | Noticed benappo's ghost (amateur DjWz)
  1929 | D:3      | Noticed Natasha
  1934 | D:3      | Killed Natasha
  1935 | D:3      | Reached skill level 1 in Armour
  1935 | D:3      | Reached XP level 4. HP: 22/36 MP: 1/4
  2054 | D:3      | Noticed Grinder
  2069 | D:3      | Killed Grinder
  2070 | D:3      | Reached skill level 3 in Fighting
  2070 | D:3      | Reached skill level 4 in Staves
  2070 | D:3      | Reached skill level 2 in Throwing
  2070 | D:3      | Reached skill level 3 in Dodging
  2070 | D:3      | Reached XP level 5. HP: 23/43 MP: 1/5
  2070 | D:3      | Reached XP level 6. HP: 26/50 MP: 2/6
  2258 | D:3      | Noticed Natasha
  2263 | D:3      | Killed Natasha
  2304 | D:3      | Noticed Natasha
  2307 | D:3      | Killed Natasha
  2370 | D:4      | Found a hazy altar of Hepliaklqana.
  2559 | D:4      | Found a radiant altar of Vehumet.
  2647 | D:4      | Found a large runed translucent door.
  2654 | D:4      | Reached skill level 5 in Staves
  2661 | D:4      | Reached skill level 2 in Armour
  2773 | D:4      | Gained mutation: You curl defensively after being hit. (AC
                  | +7*) [Palentonga growth]
  2773 | D:4      | Reached XP level 7. HP: 30/55 MP: 2/7
  2796 | D:4      | Found a glowing drain.
  2810 | Sewer    | Entered a sewer
  3415 | D:4      | Found a staircase to the Ecumenical Temple.
  3424 | Temple   | Entered the Ecumenical Temple
  3475 | Temple   | Became a worshipper of Warmaster Okawaru
  3641 | D:4      | Found a large runed translucent door.
  3684 | D:4      | Found a blossoming altar of Fedhas.
  3828 | D:4      | Reached skill level 6 in Staves
  3831 | D:4      | Reached skill level 4 in Fighting
  3831 | D:4      | Reached skill level 3 in Throwing
  4050 | D:4      | Found a bloodstained altar of Trog.
  4059 | D:4      | Found a basalt altar of Yredelemnul.
  4064 | D:4      | Reached skill level 4 in Dodging
  4087 | D:5      | Entered Level 5 of the Dungeon
  4224 | D:5      | Noticed a wyvern
  4238 | D:5      | Slain by a wyvern

Illustrated notes

Levels and vault maps discovered:
D:1:      sevenhm_arrival_forest_fort_small_5, layout_basic, nrook_mini_vaults
D:2:      layout_loops_ring, basic_altar, ebering_ecumenical_altar_rust
D:3:      layout_rooms, ebering_ghost_rock_garden, chequers_avenue,
          uniq_grinder, uniq_natasha
D:4:      layout_basic, nzn_hepliaklqana_mist_gate, jmf_multi_god_temple2,
          overflow_temple_1_default, lemuel_tele_altar,
          minmay_temple_entry_offerings, cheibrodos_sewer_entry_bend,
          item_on_display_a
D:5:      layout_basic, gammafunk_ghost_abyssal_escape,
          nicolae_elevator_lobby_plus
Temple:   compressed_dpeg_circular_temple

Skill      XL: |  1  2  3  4  5  6  7 |
---------------+----------------------+-----
Armour         | 1 2 |  2.7
Fighting       | 3 4 |  4.0
Staves         | 4 5 6 |  6.0
Throwing       | 2 3 |  3.0
Dodging        | 3 4 |  4.0
Invocations    | |  0.6

Action                   |  1- 3 |  4- 6 |  7- 9 || total
-------------------------+-------+-------+-------++-------
Melee: Quarterstaff      |    74 |       |       ||    74
       Tailslap          |     8 |     5 |    15 ||    28
       Spear             |    13 |    53 |   127 ||   193
       Punch             |       |       |     1 ||     1
 Abil: Rolling Charge    |    13 |       |       ||    13
  Use: Scroll            |       |     3 |     1 ||     4
       Potion            |       |       |     1 ||     1
Armor: Leather armour    |     8 |       |       ||     8
       Ring mail         |    30 |    12 |    28 ||    70
       Chain mail        |       |       |     5 ||     5
Dodge: Dodged            |    42 |    12 |    36 ||    90

Table legend: (Time is in decaauts)
 A = Elapsed time spent in this place.
 B = Non-inter-level travel time spent in this place.
 C = Inter-level travel time spent in this place.
 D = Time resting spent in this place.
 E = Time spent auto-exploring this place.
 F = Levels seen in this place.
 G = Mean time per level.
                   A        B        C        D        E       F      G
               +--------+--------+--------+--------+--------+-----+--------+
         Total |   4343 |   4135 |    208 |    821 |   2120 |   7 |  620.4 |
       Dungeon |   3632 |   3440 |    192 |    682 |   1889 |   5 |  726.4 |
        Temple |     66 |     51 |     15 |      0 |      0 |   1 |   66.0 |
         Sewer |    643 |    643 |      0 |    139 |    231 |   1 |  643.0 |
               +--------+--------+--------+--------+--------+-----+--------+

Top non-repeatable levels by time:
     D:4: 1116 daAuts
     D:3: 859 daAuts
     D:2: 835 daAuts
     D:1: 671 daAuts
   Sewer: 643 daAuts
     D:5: 150 daAuts
  Temple: 66 daAuts
